 Seeded DCSS version 0.29.1-4-g47bece8355 (webtiles) character file.

Game seed: 3963285281921751823 (custom seed)

27 GigaChad the Covered (level 2, -6/27 HPs)
             Began as a Minotaur Fighter on Dec 6, 2022.
             Mangled by Sigmund
             ... wielding a +0 scythe
              (8 damage)
             ... on level 2 of the Dungeon.
             The game lasted 00:01:09 (903 turns).

GigaChad the Covered (Minotaur Fighter)              Turns: 903, Time: 00:01:10

Health: -6/27      AC: 11    Str: 20    XL:     2   Next: 93%
Magic:  1/1        EV:  9    Int:  5    God:
Gold:   86         SH:  4    Dex:  9    Spells: 1/1 levels left

rFire   . . .      SeeInvis .   a - +0 war axe
rCold   . . .      Faith    .   c - +0 buckler
rNeg    . . .      Spirit   .   b - +0 scale mail
rPois   .          Reflect  .   (helmet restricted)
rElec   .          Harm     .   (no cloak)
rCorr   .          Rampage  .   (no gloves)
Will    .....                   (no boots)
Stlth   ..........              (no amulet)
HPRegen 0.09/turn               n - +4 ring of protection
MPRegen 0.07/turn               (no ring)

@: no status effects
A: horns 2, retaliatory headbutt
a: no special abilities


You were on level 2 of the Dungeon.
You visited 1 branch of the dungeon, and saw 2 of its levels.

You collected 86 gold pieces.

Inventory:

Hand Weapons
 a - a +0 war axe (weapon)
Armour
 b - a +0 scale mail (worn)
 c - a +0 buckler (worn)
Jewellery
 k - a ring of resist corrosion
 n - a +4 ring of protection (left hand)
Scrolls
 f - a scroll of silence {unknown}
 h - a scroll of identify
 i - 2 scrolls of teleportation {unknown}
 j - a scroll of immolation
 l - a scroll of amnesia {unknown}
 m - a scroll of noise {unknown}
 o - a scroll of blinking {unknown}
 q - a scroll of magic mapping {unknown}
 r - a scroll of enchant armour {unknown}
Potions
 d - a potion of might
 e - 2 potions of lignification {unknown}
 g - 2 potions of flight {unknown}
 p - a potion of curing {unknown}


   Skills:
 + Level 3.9 Fighting
 + Level 2.8 Axes
 + Level 4.1 Armour
 + Level 0.3 Dodging
 + Level 4.1 Shields


You had one spell level left.
You didn't know any spells.
Your spell library was empty.

Dungeon Overview and Level Annotations

Branches:
Dungeon (2/15)

Altars:

Annotations:
D:2 Sigmund


Innate Abilities, Weirdness & Mutations

You have a pair of horns on your head.
You reflexively headbutt those who attack you in melee.


Message History

The rat moves out of view.
A rat is nearby!
A rat is nearby!
Found 3 gold pieces and a hand axe.
You slash the rat!
You kill the rat!
You see here a rat corpse.
You now have 77 gold pieces (gained 3).
Found a stone staircase leading up.
There is a stone staircase leading up here.
You now have 86 gold pieces (gained 9).
r - a scroll labelled FAPIQA ETHRUC
Found a stone staircase leading down.
Sigmund the Dreaded comes into view.
He is wielding a +0 scythe and wearing a +2 robe of fire resistance.
Sigmund shouts!
Sigmund is nearby!
Sigmund gestures wildly while chanting.
Sigmund flickers and vanishes!
Deactivating autopickup; reactivate with Ctrl-A.
Something hits you but does no damage.
You closely miss something. You block something's attack.
You closely miss something. Something hits you but does no damage.
You closely miss something. Something hits you.
You miss something.
You hear some strange, mumbled words.
A magic dart appears from out of thin air!
The magic dart hits you.
You closely miss something. You headbutt something.
Something hits you but does no damage.
You barely miss something. You headbutt something!
Something hits you but does no damage.
You closely miss something. Something hits you.
You closely miss something. Your headbutt misses something. Something hits you.
* * * LOW HITPOINT WARNING * * *
You hit something but do no damage. Something hits you.
* * * LOW HITPOINT WARNING * * *
You barely miss something. Something hits you.
* * * LOW HITPOINT WARNING * * *
You slash something! Something hits you!
You die...

#.## ##.# #..# ### ##.#
#.# #.# #######.## ####
.........##### ....#
#######......####.....#
##.###...@{.....#
#.#............#
#...######.>...# ####
.....# #####


There were no monsters in sight!

Vanquished Creatures
  3 giant cockroaches
  3 goblins
  3 hobgoblins (D:1)
  3 jackals (D:1)
  A quokka (D:1)
  5 ball pythons (D:1)
  A frilled lizard (D:1)
  2 kobolds (D:1)
  2 rats
23 creatures vanquished.

Notes
Turn   | Place    | Note
-------+----------+-------------------------------------------
     0 | D:1      | GigaChad the Minotaur Fighter began the quest for the Orb.
     0 | D:1      | Reached XP level 1. HP: 19/19 MP: 0/0
   115 | D:1      | Reached XP level 2. HP: 25/27 MP: 1/1
   599 | D:1      | Found a faded altar of an unknown god.
   888 | D:2      | Noticed Sigmund
   903 | D:2      | Mangled by Sigmund

Illustrated notes

Levels and vault maps discovered:
D:1:      dpeg_arrival_fog, layout_rooms, shapermc_ecumenical_altar_pompeii,
          serial_bayou_pond_e, minmay_quantized
D:2:      layout_rooms, uniq_sigmund

Skill      XL: |  1  2 |
---------------+-------+-----
Shields        | 4 |  4.1
Armour         | 4 |  4.1
Fighting       | |  3.9
Axes           | |  2.8
Dodging        | |  0.3

Action                   || total
-------------------------++-------
Melee: War axe           ||    42
       Headbutt          ||     5
  Use: Scroll            ||     1
Armor: Scale mail        ||    22
Dodge: Dodged            ||    26
Block: Buckler           ||    12
